cohdb
Replays
Latest Replays
All Replays
Popular Replays
Top Player Replays
Match Explorer
How It Works
Community
CoH3 Stats
Reddit
Sign in to upload your games and track your stats! →
Sign in with Steam
GG against Hunter and Powder
Match 18966234
Overview
Messages
Build Orders
End
Selects Airborne Battlegroup
Selects Heavy Machine Gun Paradrop
Heavy Machine Gun Paradrop
Construct Barracks
Riflemen Squad
Riflemen Squad
Grenade Package
Infantry Support Center
Riflemen Squad
Construct Weapon Support Center
M3 Armored Personnel Carrier
M1918 Browning Automatic Rifles
Riflemen Squad
Selects Paratrooper Squad Paradrop
Paratrooper Squad Paradrop
Paratrooper Squad Paradrop
Construct Tank Depot
Selects Smoke Bombing Run
Selects Supply Drop
Selects Carpet Bombing Run
Carpet Bombing Run
M18 Hellcat Tank Destroyer
Carpet Bombing Run
Engineer Squad
Smoke Bombing Run
Carpet Bombing Run
M18 Hellcat Tank Destroyer
Butcher
Not Emily Willis
Adult Asthma Is A Choice
Rey de Hierro
LegendaireNic
Sharpshoe
Hunter dak 3.pi
桃乃木香奈
0
0
Comments
sign in to comment!
No comments posted yet!